 Dungeon Crawl Stone Soup version 0.30-a0-570-g486de37d69 (webtiles) character file.

Game seed: 3066639276562044335

6 tilp the Shield-Bearer (level 2, -4/26 HPs)
             Began as a Meteoran Fighter on Dec 29, 2022.
             Killed from afar by Sigmund (7 damage)
             ... with a magic dart
             ... on level 2 of the Dungeon.
             The game lasted 00:00:44 (77 turns).

tilp the Shield-Bearer (Meteoran Fighter)             Turns: 77, Time: 00:00:44

Health: -4/26      AC:  6    Str: 17    XL:     2   Next: 11%
Magic:  3/3        EV:  9    Int:  9    God:
Gold:   0          SH:  5    Dex: 13    Spells: 1/1 levels left

rFire   . . .      SeeInvis .    a - +0 long sword
rCold   . . .      Faith    .    c - +0 buckler
rNeg    . . .      Spirit   .    b - +0 scale mail
rPois   .          Reflect  .    (no helmet)
rElec   .          Harm     .    (no cloak)
rCorr   .          Rampage  .    (no gloves)
Will    .....                    (no boots) Stlth
                                 (no amulet)
HPRegen 0.24/turn                (no ring)
MPRegen 0.08/turn                (no ring)

@: mighty, glowing
A: sense surroundings 1, otherworldly, glowing, explore regen
a: no special abilities


You were on level 2 of the Dungeon.
You visited 1 branch of the dungeon, and saw 2 of its levels.

Inventory:

Hand Weapons
 a - a +0 long sword (weapon)
Armour
 b - a +0 scale mail (worn)
 c - a +0 buckler (worn)
Scrolls
 e - a scroll of identify {unknown}


   Skills:
 + Level 3.3 Fighting
 + Level 2.5 Long Blades
 + Level 3.6 Armour
 * Level 0.9 Dodging
 + Level 0.1 Stealth
 + Level 3.7 Shields


You had one spell level left.
You didn't know any spells.
Your spell library was empty.

Dungeon Overview and Level Annotations

Branches:
Dungeon (1/15) Zot: 1113

Altars:

Annotations:
D:2 Sigmund


Innate Abilities, Weirdness & Mutations

You passively map a small area around you.
You are easily found by Zot.
You glow in the dark.
You regain HP and MP as you explore.


Message History

You hit the rat.
The rat is moderately wounded.
The rat bites you but does no damage.
You slash the rat!
You kill the rat!
You have reached level 2!
An endoplasm comes into view.
The endoplasm quivers.
A goblin comes into view. It is wielding a +0 dagger.
A quokka and an endoplasm come into view.
The endoplasm quivers.
A sourceless malevolence fills the Dungeon...
You fall into a shaft and drop 1 floor!
The shaft crumbles and collapses.
A goblin comes into view. It is wielding a +0 club.
The goblin shouts!
You hear a shout!
The goblin hits you but does no damage.
You hit the goblin but do no damage. The goblin hits you with a +0 club.
You barely miss the goblin. The goblin closely misses you.
You closely miss the goblin.
The goblin hits you but does no damage. x2
Sigmund the Dreaded comes into view.
He is wielding a +0 scythe.
Sigmund shouts!
You hit the goblin but do no damage. The goblin hits you with a +0 club.
You closely miss the goblin. The goblin hits you but does no damage.
You feel very mighty all of a sudden.
Sigmund hits you from afar with a +0 scythe!
You block the goblin's attack.
You slash the goblin!
You kill the goblin!
Sigmund screams, "Die, monster!"
Sigmund barely misses you. Sigmund casts a spell at you.
The puff of flame hits you!
Ouch! That really hurt!
* * * LOW HITPOINT WARNING * * *
You see here a +0 club.
You closely miss Sigmund. Sigmund casts a spell at you.
The magic dart hits you!
You die...

* , * **
* , , ,
,*###
#### #..
. .# * #
#.#.#*.#
,
#.##.#.#
.#
#....@.#
.# , *
*#@#*
*.# * *
#.####.#
,
#......#
*
########
* , * ,


You could see Sigmund.

Vanquished Creatures
  A goblin (D:2)
  2 hobgoblins (D:1)
  3 rats (D:1)
6 creatures vanquished.

Notes
Turn   | Place    | Note
-------+----------+-------------------------------------------
     0 | D:1      | tilp the Meteoran Fighter began the quest for the Orb.
     0 | D:1      | Reached XP level 1. HP: 19/19 MP: 2/2
    59 | D:1      | Reached XP level 2. HP: 26/26 MP: 3/3
    62 | D:1      | You fall into a shaft and drop 1 floor!
    70 | D:2      | Noticed Sigmund
    77 | D:2      | Killed from afar by Sigmund

Illustrated notes

Levels and vault maps discovered:
D:1:      grunt_arrival_crossed_arrows, layout_rooms,
          shapermc_ecumenical_altar_venn
D:2:      layout_loops_cross, hex_tiny, uniq_sigmund

Action                   || total
-------------------------++-------
Melee: Long sword        ||    29
  Use: Potion            ||     1
Armor: Scale mail        ||    14
Dodge: Dodged            ||     9
Block: Buckler           ||     9

Table legend: (Time is in decaauts)
 A = Elapsed time spent in this place.
 B = Non-inter-level travel time spent in this place.
 C = Inter-level travel time spent in this place.
 D = Time resting spent in this place.
 E = Time spent auto-exploring this place.
 F = Levels seen in this place.
 G = Mean time per level.
                   A        B        C        D        E       F      G
               +--------+--------+--------+--------+--------+-----+--------+
         Total |     85 |     85 |      0 |      0 |      0 |   2 |   42.5 |
       Dungeon |     85 |     85 |      0 |      0 |      0 |   2 |   42.5 |
               +--------+--------+--------+--------+--------+-----+--------+

Top non-repeatable levels by time:
     D:1: 68 daAuts
     D:2: 16 daAuts
